[Event "*** Titled Tuesday 3|2 Blitz (Late)"]
[Site "Chess.com"]
[Date "2016.11.01"]
[Round "7"]
[White "Yaacovn"]
[Black "GMKrikor"]
[Result "0-1"]
[WhiteElo "2562"]
[BlackElo "2554"]
[TimeControl "180+2"]
[EndTime "18:32:40 PDT"]
[Termination "GMKrikor won by resignation"]

1. d4 Nf6 2. Nf3 e6 3. c4 d5 4. Nc3 Bb4 5. Bg5 h6 6. Bxf6 Qxf6 7. Qa4+ Nc6 8. cxd5 exd5 9. e3 O-O 10. Bb5 Bd7 11.
O-O Bxc3 12. bxc3 a6 13. Be2 Qd6 14. Rab1 b6 15. Qc2 Na5 16. Ne5 Be6 17. c4 dxc4 18.
Nxc4 Bxc4 19. Bxc4 c5 20. Rfd1 Rfc8 21. d5 b5 22. Be2 c4 23. Qc3 Nb7 24. e4 Re8 25. f3 Qc5+ 26. Qd4 Rac8 27. Kf1 Qxd4 28. Rxd4 Nd6 29. Kf2 f5 30. exf5 Nxf5 31. Re4 Nd6 32. Re6 Rxe6 33. dxe6 Kf8 34. f4 Ke7 35. Re1 Rc5 36.
Bf3 c3 37. g4 c2 38. Rc1 Kxe6 39. Ke2 Rc3 40. Bg2 Nc4 41. Bb7 a5 42. Ba6 b4 43.
Bxc4+ Rxc4 44. f5+ Kf6 45. h3 Rc3 46. Kd2 Kg5 47.
Rxc2 Rxc2+ 48. Kxc2 Kh4 49. Kb3 Kxh3 50. Ka4 Kxg4 51.
Kxa5 h5 52. Kxb4 h4 0-1

[Event "*** Titled Tuesday 3|2 Blitz (Late)"]
[Site "Chess.com"]
[Date "2016.11.01"]
[Round "7"]
[White "KyronGriffith"]
[Black "fastestmindalive"]
[Result "1-0"]
[WhiteElo "2331"]
[BlackElo "2506"]
[TimeControl "180+2"]
[EndTime "18:32:45 PDT"]
[Termination "KyronGriffith won by resignation"]

1. e4 c5 2. Nf3 g6 3. c3 Bg7 4. d4 cxd4 5. cxd4 d5 6. exd5 Nf6 7.
Bc4 O-O 8. Nc3 Nbd7 9. O-O Nb6 10. Bb3 Nfxd5 11. Re1 Be6 12. Ne4 Nf6 13. Bxe6 fxe6 14. Nc5 Qd5 15. Nxe6 Ng4 16. Nc7 Qh5 17. Nxa8 Nd5 18.
h3 Ngf6 19. Re5 g5 20. Rxg5 Qf7 21. Qb3 Rxa8 22. Qxb7 Rf8 23. Be3 h6 24. Rf5 Rd8 25. Qxa7 Qg6 26. Nh4 Qe8 27. Rf3 e6 28. Rg3 Rd7 29.
Qa6 Ne4 30. Rf3 Bf6 31. g3 Bxh4 32. gxh4 Rg7+ 33. Kh1 Qg6 34. Qf1 Qh5 35. Qe2 Qxh4 36. Rg1 Ng5 37. Bxg5 hxg5 38. Qxe6+ Kh7 39. Qxd5 g4 40.
Qf5+ Kh8 41. Rxg4 Qh6 42. Rxg7 Qc1+ 43. Kh2 Qg1+ 44. Kxg1 1-0

[Event "*** Titled Tuesday 3|2 Blitz (Late)"]
[Site "Chess.com"]
[Date "2016.11.01"]
[Round "7"]
[White "NTBT_DHS"]
[Black "wonderfultime"]
[Result "0-1"]
[WhiteElo "2506"]
[BlackElo "2701"]
[TimeControl "180+2"]
[EndTime "18:32:54 PDT"]
[Termination "wonderfultime won by resignation"]

1. d4 d5 2. c4 c6 3. Nf3 Nf6 4.
Nc3 dxc4 5. e4 b5 6. e5 Nd5 7. Be2 Bf5 8. O-O e6 9. a4 Be7 10. axb5 Nxc3 11. bxc3 cxb5 12. Nd2 a6 13. f4 h6 14. g4 Bh7 15. Bf3 Ra7 16. Be4 Bxe4 17. Nxe4 Qd5 18. Qf3 b4 19. cxb4 Nc6 20. Be3 Nxd4 21. Qg2 Ne2+ 22. Kh1 Rd7 23. Rae1 Nd4 24.
Rd1 Qb5 25. Bxd4 O-O 26. Bc5 Bxc5 27. Rxd7 Qxd7 28. bxc5 Qd4 29. Qc2 Rb8 30. Rd1 Qe3 31. Rf1 c3 32. Nxc3 Qxc5 33. Qd3 Rb3 34. Ne4 Qb6 35. Qd6 Qb7 36. Re1 Rb1 37. Rxb1 Qxe4+ 38. Kg1 Qxb1+ 39. Kf2 Qb2+ 40. Ke3 Qc3+ 41. Ke4 a5 42.
Qd7 Qc2+ 43. Kf3 Qxh2 44. Qe8+ Kh7 45. Qxf7 Qh3+ 46. Ke4 Qxg4 47. Qa7 Qe2+ 0-1

[Event "*** Titled Tuesday 3|2 Blitz (Late)"]
[Site "Chess.com"]
[Date "2016.11.01"]
[Round "7"]
[White "howitzer14"]
[Black "uzbektiger95"]
[Result "1/2-1/2"]
[WhiteElo "2777"]
[BlackElo "2638"]
[TimeControl "180+2"]
[EndTime "18:33:04 PDT"]
[Termination "Game drawn by agreement"]

1. e4 d5 2. exd5 Qxd5 3. Nf3 g6 4. d4 Bg7 5. c4 Qd8 6. Nc3 Nh6 7. Be2 Nf5 8. d5 O-O 9. O-O c6 10. Bf4 cxd5 11.
cxd5 a6 12. Rc1 b5 13. Bd3 Nd6 14. Re1 Bb7 15. Ne5 Nd7 16. Nc6 Bxc6 17. dxc6 Nb6 18.
Qe2 Re8 19. Ne4 Nf5 20. c7 Qc8 21. Ng5 Nd4 22. Qe3 e5 23. Bg3 f5 24. f4 exf4 25.
Qxf4 Qd7 26. Rxe8+ Rxe8 27. Qd6 Qxd6 28. Bxd6 Nc8 29.
Bg3 h6 30. Nf3 Kf7 31. b3 Nxf3+ 32. gxf3 Bb2 33. Rc2 Ba3 34. h4 h5 35. Kf2 Re6 36. Bf4 Ke7 37. Kg3 Kd7 38. Rd2 Kc6 39. Rc2+ Kb7 40. Bf1 Re1 41. Be2 Rb1 42. Be5 Rg1+ 43.
Kf2 Rc1 44. Rxc1 Bxc1 45. f4 Nb6 46. Bf3+ Kc8 47. Bc6 Nd7 48. Bd6 Nf6 49. Ke2 Bb2 50. Kd3 Ne4 51. Bb4 Nf6 52. Bd6 Ne4 53. Bxe4 fxe4+ 54. Kxe4 Bf6 55. f5 gxf5+ 56. Kxf5 Bxh4 57. Kg6 Bf2 58. Kxh5 Bb6 59. Kg4 1/2-1/2

[Event "*** Titled Tuesday 3|2 Blitz (Late)"]
[Site "Chess.com"]
[Date "2016.11.01"]
[Round "7"]
[White "calemcc"]
[Black "attack2mateU"]
[Result "0-1"]
[WhiteElo "2213"]
[BlackElo "2420"]
[TimeControl "180+2"]
[EndTime "18:33:05 PDT"]
[Termination "attack2mateU won by checkmate"]

1. d4 Nf6 2. c4 e6 3. Nf3 b6 4. g3 Ba6 5. b3 Bb4+ 6. Bd2 Be7 7.
Bg2 c6 8. O-O d5 9. Ne5 Nfd7 10.
Nxd7 Nxd7 11. Qc2 O-O 12. e4 Rc8 13. Rd1 dxc4 14. bxc4 e5 15. dxe5 Nxe5 16. Bf4 Qc7 17. Nd2 Rcd8 18. Nf3 Bf6 19. Rac1 Qe7 20. Qa4 Rxd1+ 21.
Rxd1 Bc8 22. Nxe5 Bxe5 23. Bxe5 Qxe5 24. Qxc6 Be6 25. f4 Qc3 26. e5 g6 27. Bd5 Rc8 28. Qb7 Qe3+ 29. Kf1 Bh3+ 30. Bg2 Bxg2+ 31. Kxg2 Qe2+ 32.
Kh3 Qh5+ 33. Kg2 Rxc4 34. Rd2 Qf5 35. Qf3 Rc1 36. Re2 Rc2 37. Kf2 b5 38. Qe3 a5 39.
Kf3 Qh5+ 40. Kf2 Qxh2+ 41. Kf3 Qxe2+ 42. Qxe2 Rxe2 43. Kxe2 Kf8 44. Kd3 Ke7 45. Kd4 Ke6 46.
Kc5 g5 47. Kxb5 gxf4 48. gxf4 h5 49. Kxa5 h4 50. Kb6 h3 51. a3 h2 52. a4 h1=Q 53. a5 Kf5 54. a6 Qa8 55. Kc5 Kxf4 56. Kd6 Qxa6+ 57. Ke7 Qe6+ 58. Kf8 Kxe5 59. Kg8 f5+ 60.
Kf8 f4 61. Kg7 f3 62. Kf8 f2 63. Kg7 f1=Q 64. Kh7 Qfh3+ 65. Kg7 Qhh6# 0-1

[Event "*** Titled Tuesday 3|2 Blitz (Late)"]
[Site "Chess.com"]
[Date "2016.11.01"]
[Round "7"]
[White "nonscitis"]
[Black "Divertissement"]
[Result "0-1"]
[WhiteElo "2314"]
[BlackElo "2347"]
[TimeControl "180+2"]
[EndTime "18:33:07 PDT"]
[Termination "Divertissement won by resignation"]

1. d4 Nf6 2. c4 g6 3. Nc3 d5 4.
cxd5 Nxd5 5. e4 Nxc3 6. bxc3 Bg7 7. Nf3 c5 8. Rb1 O-O 9. Be2 b6 10. O-O Qc7 11. g3 Bb7 12. Bf4 Qc8 13. Bd3 Ba6 14.
Bg5 e6 15. dxc5 Qxc5 16. Bxa6 Nxa6 17. Qe2 Nc7 18. Be3 Qc6 19. Bd4 Rac8 20. h4 h5 21. Ne5 Qa4 22. Rb4 Qe8 23. g4 f6 24.
Nd3 e5 25. Be3 hxg4 26. Qxg4 f5 27. exf5 gxf5 28. Qg2 f4 29. Bxf4 exf4 30. Nxf4 Qf7 31. Re4 Rfe8 32. Rfe1 Rxe4 33. Rxe4 Re8 34. Rxe8+ Nxe8 35. Qg4 Kh7 36. h5 Bh6 37. Ng6 Nf6 38. Qf5 Kg7 39.
Qe5 Qd7 40. c4 Qg4+ 41. Kf1 Qxh5 42. Qxh5 Nxh5 43. Ne7 Kf7 44. Nc8 Bf8 45. Nxa7 Bc5 46. Ke2 Nf4+ 47. Kf3 Nd3 48. Ke4 Nxf2+ 49. Kd5 Nd3 50.
Nc8 Nb4+ 51. Ke5 Ke8 52. a3 Nd3+ 53. Kd5 Kd7 54. Na7 Nf4+ 55. Ke4 Ne2 56. Nb5 Ng3+ 57. Kd5 Nf5 58. Ke4 Nd6+ 59. Kd5 Nxb5 60. cxb5 Bxa3 0-1

[Event "*** Titled Tuesday 3|2 Blitz (Late)"]
[Site "Chess.com"]
[Date "2016.11.01"]
[Round "7"]
[White "Genghis_K"]
[Black "Maitreia"]
[Result "1-0"]
[WhiteElo "2680"]
[BlackElo "2503"]
[TimeControl "180+2"]
[EndTime "18:33:09 PDT"]
[Termination "Genghis_K won by resignation"]

1. d4 Nf6 2. Nf3 g6 3. Bf4 Bg7 4. e3 c5 5. c3 b6 6. Nbd2 Bb7 7.
Be2 O-O 8. O-O d6 9. h3 Nbd7 10. Re1 a6 11. a4 Qc7 12. Bh2 Bc6 13. b4 cxb4 14. cxb4 b5 15. Rc1 Qb7 16. a5 Rac8 17. Qb3 Ne4 18. Bf1 Ndf6 19. Nxe4 Nxe4 20. Qd3 Bd5 21.
Nd2 f5 22. f3 Nxd2 23. Qxd2 Rxc1 24. Rxc1 Rc8 25. Rc3 Bc4 26. Qc1 d5 27. Bd3 Qd7 28.
Bb1 Qe6 29. Qd2 h6 30. Rc1 Rf8 31. Re1 Kh7 32. Bg3 h5 33. e4 fxe4 34. fxe4 Bh6 35. Qc2 Qf6 36. exd5 Qxd4+ 37. Kh2 Qf6 38. Rxe7+ Rf7 39.
Qxg6+ Qxg6 40. Rxf7+ Bg7 41. Bxg6+ Kxg6 42. Ra7 Bc3 43. Rxa6+ Kf5 44. d6 Bxb4 45. d7 Be7 46.
Ra8 h4 47. Bc7 Bd5 48. d8=Q Bxd8 49. Rxd8 1-0

[Event "*** Titled Tuesday 3|2 Blitz (Late)"]
[Site "Chess.com"]
[Date "2016.11.01"]
[Round "7"]
[White "Nyzhnyk_Illia"]
[Black "platy3"]
[Result "0-1"]
[WhiteElo "2575"]
[BlackElo "2696"]
[TimeControl "180+2"]
[EndTime "18:33:35 PDT"]
[Termination "platy3 won by checkmate"]

1. d4 Nf6 2. Nf3 g6 3. c4 Bg7 4. g3 O-O 5. Bg2 d6 6. O-O Nc6 7. Nc3 a6 8. b3 Rb8 9. Bb2 b5 10. cxb5 axb5 11. Rc1 Bd7 12. e3 e6 13. Ne1 Ne7 14. Nd3 c6 15. e4 Ne8 16. e5 Nd5 17. Ne4 Ra8 18. a3 f5 19. Nxd6 Nxd6 20. exd6 Qb8 21.
Bxd5 exd5 22. Bc3 Rxa3 23. Bb4 Ra2 24. Ne5 Qb7 25. Re1 f4 26. g4 Bxe5 27. Rxe5 Qc8 28. f3 Rf7 29. h3 h5 30. Rc2 Qa6 31. Rxa2 Qxa2 32. Re2 Qa7 33. Qd3 Rg7 34. Bd2 hxg4 35. hxg4 g5 36. Re5 Qa3 37. Qc3 Qxd6 38. Qb4 Qh6 39. Re7 Qh7 40. Rxg7+ Qxg7 41. Qc5 Qf8 42. Qa7 Qe7 43. Kf2 Kg7 44. Qc7 Kg8 45. Qa5 Kg7 46. Qc3 Be8 47. Qc1 Qe6 48. Bb4 Bg6 49. Qd2 Qf6 50. Ba3 Qe6 51. Bc1 Qe8 52. Qc3 Qh8 53. Kg2 Qh4 54. Bd2 Qg3+ 55. Kf1 b4 56. Qxb4 Bd3# 0-1

[Event "*** Titled Tuesday 3|2 Blitz (Late)"]
[Site "Chess.com"]
[Date "2016.11.01"]
[Round "7"]
[White "yurisolo"]
[Black "SwiftyMcBishop"]
[Result "0-1"]
[WhiteElo "2515"]
[BlackElo "2121"]
[TimeControl "180+2"]
[EndTime "18:33:46 PDT"]
[Termination "SwiftyMcBishop won by resignation"]

1. e4 c5 2. Nf3 d6 3. d4 cxd4 4.
Nxd4 Nf6 5. Nc3 a6 6. Bg5 e6 7. f4 Nc6 8. Nxc6 bxc6 9. e5 h6 10. Bh4 g5 11. fxg5 Nd5 12. Ne4 dxe5 13. Nf6+ Nxf6 14. Qxd8+ Kxd8 15. gxf6 Kc7 16. O-O-O Bd6 17.
Bd3 a5 18. Rhe1 Ba6 19. Be4 Bc4 20. b3 Bd5 21. c4 Ba3+ 22. Kc2 Bxe4+ 23. Rxe4 Rad8 24.
Rxd8 Rxd8 25. Bg3 Bd6 26. Bxe5 Rg8 27. g3 Rg5 28. Bc3 Rf5 29. Re2 h5 30. Kd3 Rf3+ 31.
Re3 Rf5 32. Ke4 Bb4 33. Be5+ Kb6 34. Rf3 Rg5 35. h4 Rg4+ 36. Kd3 Bc5 37. Bf4 Bg1 38. Ke2 Kc5 39. Rd3 Bd4 40. Kf3 e5 41. Rd2 exf4 42. gxf4 Bxf6 43. Ke4 Bxh4 44. Rd7 f6 45. Rh7 Bg5 46. Rxh5 Rxf4+ 47. Kd3 Rd4+ 48. Kc2 Rd2+ 49. Kb1 Rg2 50. Rh1 Kb4 51. Rf1 Ka3 52. Rf3 Rb2+ 53. Ka1 Rxa2+ 54. Kb1 Rb2+ 55. Ka1 Rxb3 56. Rf1 Rc3 57.
c5 Rc1+ 0-1

[Event "*** Titled Tuesday 3|2 Blitz (Late)"]
[Site "Chess.com"]
[Date "2016.11.01"]
[Round "7"]
[White "cheese111"]
[Black "pastouche06"]
[Result "1/2-1/2"]
[WhiteElo "2259"]
[BlackElo "2289"]
[TimeControl "180+2"]
[EndTime "18:33:53 PDT"]
[Termination "Game drawn by agreement"]

1. e4 c6 2. d4 d5 3. e5 c5 4.
dxc5 e6 5. a3 Nc6 6. Nf3 Bxc5 7.
b4 Bb6 8. Bb2 Nge7 9. Bd3 Ng6 10.
O-O O-O 11. Re1 f6 12. exf6 gxf6 13. c4 Nf4 14. cxd5 Qxd5 15. Be4 Qxd1 16. Rxd1 e5 17. Nc3 Nd4 18. Nd5 f5 19. Nxd4 fxe4 20. Nb5 Bg4 21.
Nxb6 axb6 22. Rd2 Rad8 23. Bc3 Ne2+ 24. Kf1 e3 25. Rxd8 Rxd8 26. fxe3 Rf8+ 27. Ke1 Bd7 28. Kxe2 Bxb5+ 29. Kd2 e4 30. a4 Rf2+ 31. Ke1 Re2+ 32. Kd1 Bd3 33. Bd4 Rxg2 34. Kc1 Rc2+ 35. Kd1 Rxh2 36.
Rc1 Rh1+ 37. Kd2 Rxc1 38. Kxc1 b5 39. axb5 Bxb5 40. Kd2 Bd3 41. Ke1 b5 42. Kf2 Kf7 43.
Kg3 Kg6 44. Kh4 Kf7 45. Bc5 Ke6 46. Kg5 Kd5 47. Kh6 Kc4 48. Kxh7 Kb3 49. Kh6 Bc4 50.
Kg5 Kc2 51. Kf4 Kd3 52. Bd4 Bd5 53. Ke5 Ba8 54. Kd6 Kc4 55. Bc5 Bb7 56. Kc7 Bd5 57.
Kd6 Bg8 58. Kc6 Bf7 59. Kb6 Bh5 60. Ka7 Bf3 61. Ka8 Bg2 62. Kb8 Bf3 63. Kc8 Bg2 64. Kd8 1/2-1/2

[Event "*** Titled Tuesday 3|2 Blitz (Late)"]
[Site "Chess.com"]
[Date "2016.11.01"]
[Round "7"]
[White "Zlatan56"]
[Black "PaulfromSPb"]
[Result "1/2-1/2"]
[WhiteElo "2640"]
[BlackElo "2504"]
[TimeControl "180+2"]
[EndTime "18:34:34 PDT"]
[Termination "Game drawn - insufficient material"]

1. Nf3 Nf6 2. g3 b5 3. Bg2 Bb7 4.
Na3 b4 5. Nc4 a5 6. O-O e6 7. b3 d5 8. Nce5 Nbd7 9. Bb2 Bd6 10. d3 O-O 11. Qe1 c5 12. Nxd7 Nxd7 13. a4 Qc7 14. e4 c4 15. Nd4 c3 16. Bc1 Bc5 17. Nb5 Qb6 18. exd5 Bxd5 19. Bxd5 exd5 20. Bf4 Rae8 21.
Qd1 d4 22. Qf3 Re7 23. Rae1 Rxe1 24. Rxe1 Nf6 25. Kg2 h6 26. h4 Rc8 27. Be5 Nd7 28.
Bxg7 Kxg7 29. Qg4+ Qg6 30. Qxd7 Qc6+ 31. Qxc6 Rxc6 32. f4 f5 33. Re5 Kf6 34. h5 Bb6 35. Kf3 Bc5 36. g4 fxg4+ 37. Kxg4 Rc8 38. Kf3 Bb6 39.
Rd5 Bc5 40. Ke4 Re8+ 41. Re5 Rc8 42. Nxd4 Bxd4 43. Kxd4 Rg8 44. Rxa5 Rg2 45. Rb5 Rxc2 46. Rxb4 Rc1 47. Rb6+ Kf5 48. Rxh6 c2 49. Kc3 Kxf4 50.
Rc6 Ke3 51. Kb2 Kd2 52. h6 Rb1+ 53. Ka3 c1=Q+ 54. Rxc1 Rxc1 55. Kb4 Kxd3 56. a5 Rh1 57. a6 Rxh6 58. Kb5 Kc3 59. a7 Rh8 60. Kb6 Kb4 61. Kb7 Rh7+ 62. Kb8 Rh8+ 63. Kb7 Rh7+ 64. Kb8 Kb5 65.
a8=Q Rh8+ 66. Ka7 Rxa8+ 67. Kxa8 Kb4 68. Kb7 Kxb3 1/2-1/2

[Event "*** Titled Tuesday 3|2 Blitz (Late)"]
[Site "Chess.com"]
[Date "2016.11.01"]
[Round "7"]
[White "psv98"]
[Black "jk13"]
[Result "0-1"]
[WhiteElo "2606"]
[BlackElo "2524"]
[TimeControl "180+2"]
[EndTime "18:35:21 PDT"]
[Termination "jk13 won by resignation"]

1. e4 e5 2. Nf3 Nc6 3. Bb5 Nf6 4. d3 Bc5 5. Bxc6 dxc6 6. Qe2 Qd6 7. Be3 Be6 8. Nbd2 h6 9. h3 O-O-O 10. Nb3 Bb6 11. O-O-O Rhe8 12. Kb1 Kb8 13. Rhe1 c5 14. Nfd2 Qc6 15. f3 Nh5 16. Nc4 f6 17. Qf2 Nf4 18. h4 Bxc4 19. dxc4 Qa4 20. Bxf4 exf4 21. Qe2 a5 22.
Nc1 Qc6 23. Rxd8+ Rxd8 24. Rd1 Rd6 25. Rd5 a4 26. h5 Qe8 27. Qd3 Qe6 28. Ne2 Rxd5 29.
Qxd5 Qe5 30. Nc1 Qg5 31. Qxg5 hxg5 32. Nd3 Kc8 33. e5 f5 34. b3 axb3 35. cxb3 Kd7 36. Kc2 Ke6 37. Kd2 Ba5+ 38. Kc2 Bb4 39. Kb2 b6 40. Kc2 Kf7 41. Nc1 Ke7 42. Nd3 Ke6 43. Kb2 Bd2 44. a3 Be3 45. b4 cxb4 46. axb4 Bd4+ 47.
Kb3 Bxe5 48. Kc2 Bd4 49. Kd2 c6 50. Kc2 b5 51. Kb3 Kd6 52. Ne1 Bf6 53. Nc2 Be5 54. Na3 bxc4+ 55. Kxc4 Bb2 56. Nc2 Bf6 57. Ne1 Bd8 58. Nd3 Bb6 59. Nc1 Ke6 60. Ne2 Ke5 61.
Nc3 Be3 62. Na4 Kd6 63. Nb2 Ke6 64. Nd3 Kd6 65. Nb2 Ke6 66. Nd1 Kf6 67. Nc3 g4 68. Ne2 Kg5 69. Nd4 Bxd4 70. Kxd4 Kxh5 71. Kc5 Kh4 72. Kxc6 Kg3 73. b5 Kxg2 74. b6 gxf3 75. b7 f2 76. b8=Q f1=Q 77. Qg8 Qf3+ 78. Kd6 Qg4 79.
Qa2+ Kg3 80. Qd2 f3 81. Qe3 Qf4+ 0-1

[Event "*** Titled Tuesday 3|2 Blitz (Late)"]
[Site "Chess.com"]
[Date "2016.11.01"]
[Round "7"]
[White "spirals5"]
[Black "Abrito99"]
[Result "0-1"]
[WhiteElo "2272"]
[BlackElo "2358"]
[TimeControl "180+2"]
[EndTime "18:35:40 PDT"]
[Termination "Abrito99 won on time"]

1. e4 e6 2. Nf3 d5 3. Nc3 Nf6 4.
exd5 exd5 5. d4 Bd6 6. Bd3 h6 7. O-O c6 8. Re1+ Be6 9. Bf5 Qe7 10. Bxe6 fxe6 11. Qe2 Kf7 12. Ne5+ Bxe5 13. dxe5 Nfd7 14. f4 g6 15. Be3 Na6 16. a3 Nc7 17. Rf1 Kg7 18.
Kh1 Raf8 19. Rf3 c5 20. Bg1 a6 21. Raf1 b5 22. Rg3 h5 23. Rg5 Rf5 24. Rxf5 gxf5 25.
Rf3 h4 26. Rf1 Nf8 27. h3 Ng6 28. Bh2 d4 29. Nd1 Nd5 30. Qf3 c4 31. Nf2 Ne3 32.
Rc1 Qd7 33. c3 Qd5 34. Qxd5 Nxd5 35. cxd4 Ngxf4 36. Ra1 Rd8 37. Nd1 Ne2 38. Bg1 Ndf4 39. Be3 Ng3+ 40. Kg1 Nfe2+ 41. Kf2 Nxd4 42. Nc3 Nc2 43.
Rd1 Ne4+ 44. Kf3 Rxd1 45. Nxd1 a5 46. Bb6 b4 47. Bxa5 bxa3 48. bxa3 Nxa3 49. Ne3 c3 50. Ke2 c2 51. Bd2 Nb1 52. Bc1 Nbc3+ 53. Kd3 Na2 54. Kxc2 Nb4+ 55. Kd1 Nd3 56. Nc4 Kg6 57. Be3 f4 58.
Bg1 Kf5 59. Ke2 Nxe5 60. Nxe5 Kxe5 61. Kf3 Kf5 62. Bh2 Ng5+ 63. Kf2 e5 64. Ke2 Ke4 65. Bg1 Ne6 66. Bf2 Nd4+ 67. Kf1 Nf5 68. Ke2 Ng3+ 69. Ke1 Kd3 70. Bc5 e4 71. Be7 Nf5 72. Bg5 Ke3 73. Kf1 Ng3+ 74. Ke1 Nf5 75. Kf1 Kd3 76. Bxf4 e3 77. Ke1 Nd4 78. Kf1 Nc2 0-1

[Event "*** Titled Tuesday 3|2 Blitz (Late)"]
[Site "Chess.com"]
[Date "2016.11.01"]
[Round "7"]
[White "enfanterrible"]
[Black "ZEN-22"]
[Result "1/2-1/2"]
[WhiteElo "2208"]
[BlackElo "2218"]
[TimeControl "180+2"]
[EndTime "18:39:17 PDT"]
[Termination "Game drawn by 50-move rule"]

1. d4 d6 2. Nf3 Nf6 3. Nc3 a6 4. a4 b6 5. e4 Bb7 6. Bd3 Nbd7 7. O-O e5 8. Re1 h6 9. h3 g5 10. dxe5 dxe5 11. Be3 Bg7 12. Nd2 O-O 13. Ne2 Re8 14. Ng3 Nf8 15. Nf5 Ng6 16. g3 Bc8 17. Qe2 Bxf5 18.
exf5 Nf4 19. Bxf4 exf4 20. Qf3 fxg3 21. fxg3 Qd4+ 22. Kh2 Qxb2 23. Nc4 Qc3 24. Rxe8+ Rxe8 25. Rf1 b5 26. axb5 axb5 27. Ne3 b4 28. Nd5 Qd4 29. Nxc7 Re3 30. Qf2 b3 31. Nb5 Qc5 32. cxb3 g4 33. Bc4 gxh3 34. Kxh3 h5 35. Qf4 Re4 36. Qf2 Qe5 37. Kg2 Rg4 38. Re1 Ne4 39. Rxe4 Qxe4+ 40. Qf3 Qe5 41. Na7 Qb2+ 42. Kh3 Bd4 43. Nc6 Be5 44. Nxe5 Qxe5 45. Be2 Rg5 46. Bd3 Kg7 47. b4 Qd4 48. b5 Kf6 49. Qc6+ Kg7 50. Qf3 Qg4+ 51. Qxg4 hxg4+ 52. Kh4 Kf6 53. b6 Rg8 54. b7 Rb8 55. Kxg4 Rxb7 56.
Be4 Rb4 57. Kf4 Rb8 58. g4 Rg8 59. Bd5 Rg7 60. Bb3 Rg8 61. Bd5 Rd8 62. g5+ Kg7 63.
Ke5 Re8+ 64. Kf4 Re1 65. Be4 Rf1+ 66. Ke5 Re1 67. f6+ Kf8 68. Kf5 Rf1+ 69. Ke5 Ra1 70.
g6 Ra5+ 71. Kf4 fxg6 72. Bxg6 Rc5 73. Kg4 Rc3 74. Kf5 Rc6 75. Kg5 Rc5+ 76. Kf4 Rc1 77. Kg5 Rf1 78. Bh5 Rg1+ 79. Kf5 Rh1 80. Bg6 Rh2 81.
Kg5 Rf2 82. Bh5 Rb2 83. Bg6 Rf2 84. Bh5 Rd2 85. Bg6 Rb2 86. Kg4 Rb5 87. Kf4 Ra5 88. Kg4 Ra4+ 89. Kg5 Ra1 90. Kg4 Rg1+ 91. Kf5 Rh1 92. Kg5 Re1 93. Kf5 Rg1 94. Bh5 Rg8 95.
Bg6 Rh8 96. Kg5 Rh1 97. Kf5 Rg1 98. Bh5 Kg8 99. Bg6 Kh8 100. Bh5 Kh7 101. Be8 Kh6 102. Bf7 Rf1+ 103. Ke5 Kg5 104. Bc4 Re1+ 105. Kd4 Kxf6 106. Kc3 Ke5 107. Kb2 Kd4 108. Ba2 Re3 109. Bb1 Kd5 110. Bc2 Kd4 111. Bb1 Kd5 112. Bc2 Kc4 113. Bb1 Kb4 114. Bc2 Re2 115. Kb1 Kc3 116. Bg6 Re6 117. Bh7 Re7 118. Bg6 Kb3 119. Ka1 Ra7+ 120. Kb1 Rg7 121. Bc2+ Kc3 122. Bf5 Rg5 123. Bh7 Rh5 124. Bg6 Rh4 125. Bf5 Rb4+ 126. Ka1 Ra4+ 127. Kb1 Rf4 128. Bg6 Kb3 129. Ka1 Ka3 130. Bb1 Rf2 131. Bd3 Ra2+ 132. Kb1 Rd2 133. Bh7 Kb3 134. Ka1 Kc3 135. Kb1 Rd1+ 136. Ka2 Rd7 137. Bg6 Rb7 138. Bf5 Rb5 139. Bg6 Rg5 140. Bh7 Rg1 141. Bf5 Rf1 142. Bg6 Rf8 143. Kb1 Rb8+ 144. Ka1 Kb3 145. Bf7+ Ka3 146. Bg6 Rg8 147. Bb1 Rg2 148. Be4 Rf2 149. Bb1 Kb3 150. Bd3 Kc3 151. Bb1 Kd2 152. Kb2 Rf8 153. Bg6 Rb8+ 154. Ka1 Kc1 155. Ka2 Rb2+ 156. Ka3 Rg2 157. Bh7 Rg7 1/2-1/2

[Event "*** Titled Tuesday 3|2 Blitz (Late)"]
[Site "Chess.com"]
[Date "2016.11.01"]
[Round "8"]
[White "attack2mateU"]
[Black "micfel"]
[Result "0-1"]
[WhiteElo "2400"]
[BlackElo "2301"]
[TimeControl "180+2"]
[EndTime "18:44:52 PDT"]
[Termination "micfel won by resignation"]

1. e4 e5 2. Nf3 Nf6 3. Nxe5 d6 4. Nf3 Nxe4 5. Nc3 Nf6 6. d4 d5 7. Bg5 Be7 8. Bd3 O-O 9. Qd2 Nc6 10. O-O-O Bg4 11.
Ne5 Bxd1 12. Nxc6 bxc6 13. Rxd1 Ne4 14. Nxe4 dxe4 15. Bxe7 Qxe7 16. Bc4 c5 17. d5 Qe5 18. g3 Rab8 19. c3 h6 20. Qe3 Qg5 21. h4 Qxe3+ 22. fxe3 Rbd8 23. g4 Rfe8 24. Rf1 Rd6 25. Rf4 Re5 26.
Kd2 g6 27. Kc2 Kg7 28. a3 Rf6 29. b4 cxb4 30. axb4 g5 31. hxg5 hxg5 32. Rxf6 Kxf6 33. Kb3 Re8 34. Be2 Ke5 35. Kc4 Rd8 0-1

[Event "*** Titled Tuesday 3|2 Blitz (Late)"]
[Site "Chess.com"]
[Date "2016.11.01"]
[Round "8"]
[White "Zaven_ChessMood"]
[Black "uzbektiger95"]
[Result "1-0"]
[WhiteElo "2812"]
[BlackElo "2633"]
[TimeControl "180+2"]
[EndTime "18:45:01 PDT"]
[Termination "Zaven_ChessMood won by resignation"]

1. e4 c5 2. Nf3 Nc6 3. Bb5 e6 4. O-O Nge7 5. c3 d5 6. exd5 Nxd5 7. d4 cxd4 8. Nxd4 Bd7 9. Nxc6 bxc6 10. Be2 Be7 11. c4 Nf6 12. Nc3 O-O 13. Bf3 Rc8 14. Bf4 c5 15. Be5 Bc6 16. Bxc6 Rxc6 17. Qf3 Qc8 18. Rad1 Re8 19. Nb5 Rb6 20. b3 a6 21. Nd6 Bxd6 22. Bxd6 Nd5 23. Be5 Ne7 24. Rd2 f6 25. Bc3 e5 26. Rfd1 Qf5 27. Qe2 Rc6 28. Rd7 Qe6 29. h3 Nf5 30. R1d5 Nd4 31. Qh5 Rcc8 32. R5d6 Qf5 33. Qf7+ 1-0

[Event "*** Titled Tuesday 3|2 Blitz (Late)"]
[Site "Chess.com"]
[Date "2016.11.01"]
[Round "8"]
[White "Alexander_Moskalenko"]
[Black "GMKrikor"]
[Result "1-0"]
[WhiteElo "2666"]
[BlackElo "2548"]
[TimeControl "180+2"]
[EndTime "18:45:37 PDT"]
[Termination "Alexander_Moskalenko won by resignation"]

1. d4 Nf6 2. Nf3 e6 3. Bf4 d5 4.
e3 c5 5. c3 Nc6 6. Nbd2 Nh5 7.
Bg5 Qb6 8. dxc5 Qxb2 9. Nd4 Nf6 10. Bxf6 gxf6 11. Nb5 Kd8 12. Be2 a6 13. Nd4 Bxc5 14. O-O Bd7 15. Rb1 Qxc3 16. Rb3 Qa5 17. Rxb7 Nxd4 18.
exd4 Bd6 19. Nb3 Qxa2 20. Nc5 Bxc5 21. dxc5 Rc8 22. Ra7 Ke7 23. Bb5 Rhd8 24. c6 1-0

[Event "*** Titled Tuesday 3|2 Blitz (Late)"]
[Site "Chess.com"]
[Date "2016.11.01"]
[Round "8"]
[White "brightthunder"]
[Black "enfanterrible"]
[Result "1-0"]
[WhiteElo "2529"]
[BlackElo "2188"]
[TimeControl "180+2"]
[EndTime "18:45:44 PDT"]
[Termination "brightthunder won by resignation"]

1. e4 d5 2. exd5 Qxd5 3. Nc3 Qa5 4.
d4 Nf6 5. Nf3 Bg4 6. h3 Bh5 7.
g4 Bg6 8. Ne5 e6 9. h4 Nbd7 10.
Nc4 Qb4 11. a3 Qe7 12. Bg2 h5 13. g5 Nd5 14. O-O c6 15. Na5 Nxc3 16. bxc3 Nb6 17. Bf4 Qd7 18. c4 Be7 19. Rb1 O-O 20. c5 Nd5 21. Rxb7 Qe8 22. Bg3 Bd8 23. Nc4 Be7 24. Ne5 Qc8 25. Bxd5 Qxb7 26. Bxc6 Qb2 27. Nxg6 fxg6 28.
Bxa8 Rxa8 29. Qd3 Kh7 30. Re1 Qa2 31. c4 Rd8 32. Rxe6 Qa1+ 33. Kh2 1-0

[Event "*** Titled Tuesday 3|2 Blitz (Late)"]
[Site "Chess.com"]
[Date "2016.11.01"]
[Round "8"]
[White "pastouche06"]
[Black "jposthuma"]
[Result "0-1"]
[WhiteElo "2278"]
[BlackElo "2187"]
[TimeControl "180+2"]
[EndTime "18:46:10 PDT"]
[Termination "jposthuma won by resignation"]

1. d4 Nf6 2. c4 c5 3. d5 b5 4. cxb5 a6 5. f3 e6 6. e4 c4 7. Bxc4 axb5 8. Bxb5 Qb6 9. Nc3 Bc5 10.
Nge2 O-O 11. Bg5 exd5 12. Bxf6 gxf6 13. Qxd5 Bb7 14. Qd1 f5 15. a4 fxe4 16. fxe4 Bf2+ 17. Kf1 Qf6 18. Qd3 Be3+ 19. Ke1 Qf2+ 20. Kd1 Nc6 21. Nd5 Qxg2 22. Kc2 Nd4+ 23. Kc3 Nxe2+ 24. Kb4 Bxd5 25.
Qxe3 Qxe4+ 26. Qxe4 Bxe4 27. Rae1 Bxh1 28. Rxh1 Nd4 0-1

[Event "*** Titled Tuesday 3|2 Blitz (Late)"]
[Site "Chess.com"]
[Date "2016.11.01"]
[Round "8"]
[White "Fandorine"]
[Black "Aygehovit1992"]
[Result "1-0"]
[WhiteElo "2636"]
[BlackElo "2443"]
[TimeControl "180+2"]
[EndTime "18:46:17 PDT"]
[Termination "Fandorine won on time"]

1. e4 c5 2. Nf3 d6 3. c3 Nf6 4. h3 Nc6 5. Bd3 g6 6. O-O Bg7 7. Bc2 O-O 8. d4 e5 9. dxc5 dxc5 10.
Bg5 Be6 11. Nbd2 Qb6 12. Bb3 Bxb3 13. axb3 Qc7 14. Bxf6 Bxf6 15. Nc4 Rfd8 16. Qe2 Bg7 17. Ne3 Ne7 18. Qc4 h6 19. b4 b6 20. bxc5 Qxc5 21.
Qxc5 bxc5 22. Nc4 Rdb8 23. Ra6 Rb7 24. Rfa1 f6 25. Ne1 Nc8 26. Nd3 Rc7 27. Kf1 Kf7 28.
Ke2 Bf8 29. g3 h5 30. f4 exf4 31. gxf4 Rb8 32. e5 1-0